 Dungeon Crawl Stone Soup version 0.31-a0-1338-gb567cfdca4 (webtiles) character file.

Game seed: 10624965695309912619

161 Rennog the Ruffian (level 5, 0/53 HPs)
             Began as a Troll Fighter on Dec 22, 2023.
             Was a Believer of Lugonu.
             Slain by an adder (3 damage)
             ... in a sewer.
             The game lasted 00:03:27 (1316 turns).

Rennog the Ruffian (Troll Fighter)                  Turns: 1316, Time: 00:03:27

Health: 0/53       AC:  4    Str: 26    XL:     5   Next: 19%
Magic:  4/4        EV:  9    Int:  4    God:    Lugonu [**....]
Gold:   94         SH:  9    Dex: 15    Spells: 4/4 levels left

rFire   . .          .
                       - Unarmed
rCold   . . .        b - +0 kite shield
rNeg    . . .        a - +0 robe
rPois   .            (helmet restricted)
rElec   .            (no cloak)
rCorr   .            (gloves unavailable)
SInv    .            (boots unavailable)
Will    .....        (no amulet)
Stlth   +            h - +6 ring of dexterity
HPRegen 1.08/turn    (no ring)
MPRegen 0.09/turn

%: no passive effects
@: mighty
A: large, unfitting armour, claws 3, regeneration 1, shaggy fur 1, tough skin 1
a: Renounce Religion, Depart the Abyss, Banish


You were in a sewer.
You worshipped Lugonu.
Lugonu was pleased with you.
You visited 1 branch of the dungeon, and saw 3 of its levels.
You also visited: Sewer.

You collected 94 gold pieces.

Inventory:

Armour
 a - a +0 robe (worn)
 b - a +0 kite shield (worn)
 l - the +2 pair of boots of the Thistle {Rampage Str+3 Stlth-}
   (You found it on level 3 of the Dungeon)

   Str+3:     It affects your strength (+3).
   Rampage:   It bestows one free step when moving towards enemies.
   Stlth-:    It makes you less stealthy.
Jewellery
 h - a +6 ring of dexterity (left claw)
Talismans
 j - a talisman of death
Scrolls
 d - a scroll of vulnerability {unknown}
 e - a scroll of fear {unknown}
 g - a scroll of blinking {unknown}
 i - a scroll of enchant armour {unknown}
 m - a scroll of identify {unknown}
 n - a scroll of revelation {unknown}
Potions
 f - a potion of haste {unknown}
 k - a potion of lignification {unknown}


   Skills:
 + Level 3.4 Fighting
 - Level 2.4 Dodging
 - Level 2.6 Shields
 * Level 4.5 Unarmed Combat


You had 4 spell levels left.
You didn't know any spells.
Your spell library was empty.

Dungeon Overview and Level Annotations

Branches:
Dungeon (3/15)              Sewer (1/1)

Altars:
Lugonu

Shops:
D:3 =


Innate Abilities, Weirdness & Mutations

You are too large for most types of armour.
You have claws for hands.
Your natural rate of healing is unusually fast.
You are covered in fur. (AC +1)
You have tough skin. (AC +1)


Message History

You feel sick. The adder closely misses you. The adder bites you.
* * * LOW HITPOINT WARNING * * *
The adder barely misses you. You block the adder's attack. The adder bites you.
* * * LOW HITPOINT WARNING * * *
You block the adder's attack.
You mangle the adder!!
You kill the adder!
Lugonu accepts your kill.
You feel sick. You block the adder's attack.
The adder bites you but does no damage. You block the adder's attack.
The adder bites you but does no damage.
You have reached level 5!
You feel sick. The adder closely misses you.
You see here an adder corpse.
You claw the adder!
You kill the adder!
Lugonu accepts your kill.
You feel sick.
You are no longer poisoned.
You block the adder's attack. The adder bites you.
* * * LOW HITPOINT WARNING * * *
You are poisoned.
The adder poisons you! The adder bites you but does no damage.
You scratch the river rat but do no damage.
You feel sick. You block the adder's attack. The adder bites you.
* * * LOW HITPOINT WARNING * * *
The adder bites you.
* * * LOW HITPOINT WARNING * * *
You claw the adder!
You kill the adder!
Lugonu accepts your kill.
You feel sick. The river rat closely misses you. The adder bites you.
* * * LOW HITPOINT WARNING * * *
You block the river rat's attack.
You scratch the river rat.
The river rat is heavily wounded.
You feel sick.
You are no longer poisoned.
The adder bites you.
You die...

######
##....##
#......#
#rr∩∩..#
#@†....#
##Sr~~##
#~≈~~≈~#
#≈~r~≈≈#
#≈~~≈≈≈#
#≈r~≈≈≈#
#≈r~≈≈≈#
#≈≈r≈~≈#
#≈≈≈~~≈#


You could see an adder, 3 river rats and 4 rats.

Vanquished Creatures
  A hound (D:3)
  An orc priest (D:3)
  5 adders
  2 worms (D:3)
  A dart slug (D:2)
  4 orcs (D:3)
  4 ball pythons
  3 bats
  2 endoplasms
  4 giant cockroaches
  2 goblins
  4 hobgoblins
  A jackal (D:1)
  4 quokkas
  A ball python skeleton (D:2)
  3 frilled lizards
  5 kobolds
  4 rats
51 creatures vanquished.

Notes
Turn   | Place    | Note
-------+----------+-------------------------------------------
     0 | D:1      | Rennog the Troll Fighter began the quest for the Orb.
     0 | D:1      | Reached XP level 1. HP: 22/22 MP: 0/0
    95 | D:1      | Found a faded altar of an unknown god.
   115 | D:1      | Prayed at the altar of an unknown god.
   115 | D:1      | Became a worshipper of Lugonu the Unformed
   115 | D:1      | Reached * piety under Lugonu
   121 | D:1      | Reached XP level 2. HP: 29/29 MP: 1/1
   386 | D:1      | Reached skill level 3 in Unarmed Combat
   590 | D:2      | Reached XP level 3. HP: 36/36 MP: 2/2
   841 | D:2      | Reached ** piety under Lugonu
  1042 | D:2      | Noticed a black bear
  1103 | D:3      | Reached skill level 4 in Unarmed Combat
  1103 | D:3      | Reached XP level 4. HP: 32/45 MP: 3/3
  1157 | D:3      | Identified the +2 pair of boots of the Thistle {Rampage
                  | Str+3 Stlth-}
  1164 | D:3      | Found Fasef's Jewellery Boutique.
  1255 | D:3      | Found a glowing drain.
  1269 | Sewer    | Entered a sewer
  1312 | Sewer    | Reached XP level 5. HP: 9/53 MP: 4/4
  1316 | Sewer    | Slain by an adder

Illustrated notes

Levels and vault maps discovered:
D:1:      dpeg_arrival_boxes_within_box, layout_loops_ring,
          ebering_ecumenical_altar_box, serial_glass, glass_columns_a,
          glass_columns_c, minmay_distorted
D:2:      layout_loops_corners, serial_undead, serial_undead_f, serial_undead_d,
          serial_undead_c, serial_undead_f, uniq_sigmund
D:3:      corexii_shack_village, layout_basic, nicolae_qazlal_scattered_showers,
          cheibrodos_sewer_entry_bend, serial_forest,
          infiniplex_forest_clump_curved, infiniplex_forest_pool,
          infiniplex_forest_lined_corner, infiniplex_forest_lined_2,
          infiniplex_forest_clump_medium, serial_shops, shop,
          minmay_misc_feat_secret_circle, kennysheep_generic_room_14,
          uniq_terence, uniq_jessica, uniq_robin
Sewer:    sewer_minmay_w

Skill      XL: |  1  2  3 |
---------------+----------+-----
Unarmed Combat | 3 4 |  4.5
Fighting       | 3 |  3.4
Dodging        | |  2.4
Shields        | |  2.6

Action                     |  1- 3 |  4- 6 || total
---------------------------+-------+-------++-------
  Melee: Unarmed           |   112 |    28 ||   140
    Use: Potion            |       |     1 ||     1
   Stab: Sleeping          |     2 |       ||     2
 Armour: Robe              |    66 |    42 ||   108
  Dodge: Dodged            |    34 |    28 ||    62
  Block: Kite shield       |    49 |    38 ||    87

Table legend: (Time is in decaauts)
 A = Elapsed time spent in this place.
 B = Non-inter-level travel time spent in this place.
 C = Inter-level travel time spent in this place.
 D = Time resting spent in this place.
 E = Time spent auto-exploring this place.
 F = Levels seen in this place.
 G = Mean time per level.
                   A        B        C        D        E       F      G
               +--------+--------+--------+--------+--------+-----+--------+
         Total |   1324 |   1137 |    187 |      0 |    812 |   4 |  331.0 |
       Dungeon |   1277 |   1090 |    187 |      0 |    800 |   3 |  425.7 |
         Sewer |     47 |     47 |      0 |      0 |     12 |   1 |   47.0 |
               +--------+--------+--------+--------+--------+-----+--------+

Top non-repeatable levels by time:
     D:1: 600 daAuts
     D:2: 485 daAuts
     D:3: 190 daAuts
   Sewer: 47 daAuts
